 Dungeon Crawl Stone Soup version 0.23.2-1-ga50397a6bc (webtiles) character file.

Game seed: 6243205332799365455

961 Mrkan the Cleaver (level 8, 0/69 HPs)
             Began as a Hill Orc Monk on May 14, 2019.
             Slain by a gnoll
             ... wielding a +0 halberd
              (9 damage)
             ... on level 4 of the Dungeon.
             The game lasted 00:09:45 (4391 turns).

Mrkan the Cleaver (Hill Orc Monk)                   Turns: 4391, Time: 00:09:46

Health: 0/69       AC:  8    Str: 16    XL:     8   Next: 15%
Magic:  8/8        EV:  7    Int: 10    God:
Gold:   177        SH:  0    Dex: 13    Spells: 7/7 levels left

rFire    . . .     SeeInvis .   o - +0 broad axe
rCold    . . .     Gourm    .   (no shield)
rNeg     . . .     Faith    .   w - +0 chain mail
rPois    .         Spirit   .   (no helmet)
rElec    .         Reflect  .   (no cloak)
rCorr    .         Harm     .   (no gloves)
MR       .....                  (no boots)
Stlth    ..........             (no amulet)
HPRegen  0.21/turn              (no ring)
MPRegen  0.11/turn              (no ring)

@: no status effects
A: no striking features
a: no special abilities


You were on level 4 of the Dungeon.
You were not hungry.

You visited 1 branch of the dungeon, and saw 4 of its levels.

You collected 177 gold pieces.

Inventory:

Hand Weapons
 a - a +0 hand axe
 o - a +0 broad axe (weapon)
Missiles
 q - 7 curare-tipped needles
 y - 14 poisoned needles
Armour
 b - a +0 robe
 r - a +0 scale mail
 w - a +0 chain mail (worn)
Jewellery
 t - a +3 amulet of reflection {unknown}
Wands
 p - a wand of digging (6)
 s - a wand of iceblast (12)
Scrolls
 d - a scroll of amnesia {unknown}
 g - 6 scrolls of identify {unknown}
 h - 2 scrolls of teleportation {unknown}
 j - a scroll of blinking {unknown}
 m - 2 scrolls of enchant weapon {unknown}
 u - 3 scrolls of remove curse {unknown}
 A - a scroll of fear {unknown}
 B - a scroll of immolation {unknown}
Potions
 e - 3 potions of berserk rage {unknown}
 f - 2 potions of brilliance {unknown}
 i - a potion of degeneration {unknown}
 k - 2 potions of flight {unknown}
 l - a potion of heal wounds {unknown}
 n - a potion of haste {unknown}
 v - a potion of lignification {unknown}
 z - a potion of curing {unknown}
Comestibles
 c - 6 rations


   Skills:
 + Level 5.5 Fighting
 * Level 11.1 Axes
 + Level 2.2 Armour
 - Level 2.4 Dodging
 - Level 1.5 Stealth


You had 7 spell levels left.
You didn't know any spells.
Your spell library was empty.

Dungeon Overview and Level Annotations

Branches:
Dungeon (4/15)
 Temple: D:4-7

Altars:
Makhleb


Message History

The iguana is almost dead.
The iguana bites you but does no damage.
You barely miss the iguana.
The iguana is almost dead.
The gnoll hits you from afar with a +0 halberd.
* * * LOW HITPOINT WARNING * * *
The iguana barely misses you.
You slash the iguana!
You kill the iguana!
The gnoll hits you from afar with a +0 halberd.
* * * LOW HITPOINT WARNING * * *
Things that are here:
a +0 club x2; an iguana corpse You see here an adder corpse.
Things that are here:
a +0 rapier; a +0 leather armour The gnoll hits you from afar with a +0 halberd.
* * * LOW HITPOINT WARNING * * *
The gnoll hits you with a +0 halberd!
You die...

.##.##.........##.##..#......#
..............)...<...#....#.####
†#.###..##........##.##.##.......
........##....###.##.........####
##.####...........#####......#
......#.......######......####
##.##.#####...# #)).......#
.......# #...######)##.#.##.#
.......# #....g@.)).##.#.# #
.......####...#####..##.#.#
..........................#
##...................##.###
##.#...............÷.##.###
##.#######.....####÷.......# ...#
#...####....#..##.# ####
#).##..#..#..#.#
#..###....#.###.#


You could see a gnoll.

Vanquished Creatures
  Eustachio (D:4)
  A sky beast (D:4)
  A phantom (D:4)
  An ogre (D:4)
  A wyvern skeleton (D:4)
  4 orc wizards
  An orc priest (D:3)
  A hound (D:4)
  2 centaur skeletons (D:4)
  2 iguanas (D:4)
  A worker ant (D:4)
  2 gnolls (D:4)
  8 adders
  A dart slug (D:2)
  A worm (D:2)
  5 leopard geckos
  15 orcs
  7 bats
  2 giant cockroaches
  7 goblins
  5 hobgoblins
  11 jackals
  4 kobolds
  2 quokkas (D:3)
  A ball python (D:4)
  9 frilled lizards
  A leopard gecko zombie (D:3)
  11 rats
108 creatures vanquished.

Notes
Turn   | Place    | Note
-------+----------+-------------------------------------------
     0 | D:1      | Mrkan the Hill Orc Monk began the quest for the Orb.
     0 | D:1      | Reached XP level 1. HP: 19/19 MP: 1/1
   301 | D:1      | Reached XP level 2. HP: 23/27 MP: 2/2
  1256 | D:1      | Reached skill level 5 in Axes
  1479 | D:2      | Reached XP level 3. HP: 33/33 MP: 3/3
  2032 | D:2      | Reached XP level 4. HP: 40/40 MP: 4/4
  2040 | D:2      | Reached skill level 6 in Axes
  2280 | D:3      | Reached XP level 5. HP: 12/47 MP: 5/5
  2602 | D:3      | Reached skill level 7 in Axes
  2967 | D:3      | Reached XP level 6. HP: 42/53 MP: 6/6
  3009 | D:3      | Reached skill level 8 in Axes
  3574 | D:4      | Reached skill level 1 in Armour
  3762 | D:4      | Noticed Eustachio
  3768 | D:4      | Noticed a sky beast
  3783 | D:4      | Killed Eustachio
  3783 | D:4      | Reached skill level 5 in Fighting
  3783 | D:4      | Reached skill level 9 in Axes
  3783 | D:4      | Reached XP level 7. HP: 25/61 MP: 7/7
  3969 | D:4      | Reached skill level 10 in Axes
  3972 | D:4      | Found a burning altar of Makhleb.
  4341 | D:4      | Reached XP level 8. HP: 41/69 MP: 8/8
  4362 | D:4      | Reached skill level 11 in Axes
  4391 | D:4      | Slain by a gnoll

Skill      XL: |  1  2  3  4  5  6  7  8 |
---------------+-------------------------+-----
Fighting       | 4 5 |  5.5
Axes           | 5 6 7 9 10 11 | 11.1
Armour         | 1 2 |  2.2
Dodging        | |  2.4
Stealth        | |  1.5

Action                   |  1- 3 |  4- 6 |  7- 9 || total
-------------------------+-------+-------+-------++-------
Melee: Hand axe          |   118 |       |       ||   118
       Broad axe         |     3 |   148 |    70 ||   221
 Stab: Sleeping          |     5 |       |       ||     5
  Eat: Chunk             |     4 |     2 |     2 ||     8
       Ration            |       |     1 |       ||     1
Armor: Robe              |    29 |     1 |       ||    30
       Scale mail        |       |    62 |    10 ||    72
       Chain mail        |       |       |    19 ||    19
Dodge: Dodged            |    97 |    68 |    29 ||   194
